[Event "85th Tata Steel Challengers 2023"]
[Site "Wijk aan Zee"]
[Date "2023.01.29"]
[Round "13.6"]
[White "Pechac, Jergus"]
[Black "L'Ami, Erwin"]
[Result "0-1"]
[ECO "C93"]
[WhiteElo "2637"]
[BlackElo "2627"]
[Annotator "TA"]
[PlyCount "98"]
[EventDate "2023.01.10"]
[EventType "tourn"]
[EventCountry "NED"]
[SourceTitle "playchess.com"]
[Source "ChessBase"]
[SourceQuality "1"]
[TimeControl "40/6000+30:30/3000+30:900+30"]

1. e4 e5 2. Nf3 Nc6 3. Bb5 a6 4. Ba4 Nf6 5. O-O Be7 6. Re1 b5 7. Bb3 d6 8. c3 O-O 9. h3 Re8 10. Ng5 Rf8 11. Nf3 Re8 12. d4 Bb7 13. Nbd2 Bf8 14. a4 h6 15. Bc2 Nb8 16. b3 {[%emt 0:03:25] 16.b4 is the modern continuation.} Nbd7 17. d5 c6 {[%emt 0:10:07] C93: Closed Ruy Lopez: Smyslov Variation.} 18. c4 Qc7 19. Ba3 {[%emt 0:03:28] [#]} Reb8 $146 {[%emt 0:07:09] The position is equal.} ({Predecessor:} 19... Rec8 20. Rc1 Qb6 21. Qe2 Rc7 22. b4 Rac8 23. a5 Qa7 24. cxb5 axb5 25. dxc6 Bxc6 26. Bb3 Qb7 27. Qd3 d5 28. exd5 Bxd5 29. Rxc7 Rxc7 30. Bxd5 Nxd5 31. Nxe5 {0-1 Karmenov,B (2120)-Nukin,A (2338) Pavlodar op 2010 (6)}) 20. Bd3 bxa4 21. bxa4 Nc5 22. Bxc5 dxc5 23. Nf1 a5 24. Ne3 Bd6 25. Qc2 Bc8 26. Qc3 Bd7 27. Bc2 Rb4 28. Qd3 (28. Nd2 $11) 28... Re8 ({Black should try} 28... cxd5 $1 $17 29. Nxd5 Nxd5 30. exd5 f5) 29. g4 g6 30. Kh1 cxd5 31. Nxd5 Nxd5 32. exd5 Qd8 33. Re4 Qf6 34. Ra3 (34. Qc3 $11) 34... Kg7 {[%emt 0:03:13] Black is more active.} (34... Qh8 $1 $17 35. Qc3 f5 36. gxf5 gxf5) 35. Kg2 (35. Qc3 $11 {keeps the balance.}) 35... h5 (35... Qe7 $17 {...f5 would be deadly.} 36. Re3 h5 37. gxh5 Bf5) 36. Qc3 $1 $15 hxg4 (36... Bb8 {with more complications.} 37. Ra1 hxg4 38. hxg4 Rh8) 37. hxg4 Kf8 ({Black should play} 37... Rh8 $11) 38. Qa1 (38. g5 $1 $14 Qg7 39. Ra1) 38... Qg7 $11 39. Ng5 (39. Rae3 $11) 39... f6 (39... Be7 $17 40. Qc1 f5) 40. Ne6+ Rxe6 {[%emt 0:01:19][%mdl 64] Deflection} (40... Bxe6 $6 41. dxe6 Rxe6 42. Rg3 $15) 41. dxe6 Bc6 $36 {[%emt 0:02:41][%cal Ob4c4][%mdl 2048] Black is pushing.} 42. f3 f5 $1 $17 43. Qd1 {[%emt 0:00:00] [#]} Be7 44. Re1 {[%emt 0:00:00][%mdl 8192] Now White is beyond hope.} (44. Re2 $17) 44... Rxc4 $19 45. g5 (45. Rh1 $142 Rxg4+ 46. Kf1) 45... Qh8 {[%emt 0:03:35] ( -> ...Rg4+)} (45... Bxg5 46. Qd6+ Qe7 47. Qxc6 $15) 46. Rh1 {[%emt 0:00:00] [#]} Rg4+ $1 ({Worse is} 46... Rh4 47. Qe1 Rxh1 48. Qxh1 Qxh1+ 49. Kxh1 $17) 47. Kf2 Rh4 48. Ra1 Rh2+ ({Not} 48... Bxg5 49. Qd6+ Be7 50. Qb8+ (50. Qxc6 $2 {loses.} Rxh1 51. Qa8+ Kg7 $19) 50... Be8 51. Kg2 $15) 49. Kg3 Qh4# {[%emt 0:00:07] Artfully played by L'Ami.   Weighted Error Value: White=0.92/Black=0.20 (precise)} 0-1

[Event "85th Tata Steel Challengers 2023"]
[Site "Wijk aan Zee"]
[Date "2023.01.29"]
[Round "13.7"]
[White "Supi, Luis Paulo"]
[Black "Mishra, Abhimanyu"]
[Result "1-0"]
[ECO "D45"]
[WhiteElo "2608"]
[BlackElo "2559"]
[Annotator "TA"]
[PlyCount "147"]
[EventDate "2023.01.10"]
[EventType "tourn"]
[EventCountry "NED"]
[SourceTitle "playchess.com"]
[Source "ChessBase"]
[SourceQuality "1"]
[TimeControl "40/6000+30:30/3000+30:900+30"]

1. c4 c6 2. Nf3 d5 3. e3 Nf6 4. Nc3 e6 5. d4 Nbd7 6. Be2 Bd6 7. b3 O-O 8. Bb2 b6 9. O-O Bb7 10. Qc2 Qe7 11. Rfe1 Rfe8 12. Rad1 Rad8 13. h3 {[%emt 0:00:38] D45: Semi-Slav: 5 e3.} c5 14. cxd5 $1 {[%emt 0:01:01][%mdl 4] is recently more successful than 14.Nd2.} exd5 15. Ba1 {[%emt 0:00:06] [#] The position is equal.} h6 $146 ({Predecessor:} 15... Rc8 16. dxc5 Bxc5 17. Rc1 Bb4 18. Red1 Rc5 19. Qb2 Rec8 20. Nb1 Rxc1 21. Rxc1 Rxc1+ 22. Qxc1 {½-½ Faizrakhmanov,R (2469)-Drygalov,A (2501) RUS-chT Rapid 2022 (9.12)}) 16. Qb2 Qe6 17. Bf1 Nf8 18. Bb5 Re7 19. Bd3 Bb8 20. dxc5 bxc5 21. b4 $1 N8d7 22. bxc5 Nxc5 23. Bb1 Qb6 24. Nd4 Be5 25. Qa3 Rde8 26. Bc2 {[%emt 0:04:19] Rb1 would be deadly.} Bxd4 27. Rxd4 (27. Na4 $16 Qa5 28. Bxd4) 27... Ne6 $1 $14 28. Rb4 Qc5 {[%emt 0:00:30] White must now prevent ...d4.} 29. Ba4 {[%emt 0:03:46] This pair of bishops is nice.} Rc8 30. Qb2 (30. Ne2 {seems wilder.} Ne4 31. Qb2 Ba6 32. Rc1) 30... Bc6 31. Bxc6 Qxc6 32. Ne2 {[%emt 0:00:59] And now Rc1 would win.} Rec7 33. Rb8 Qe8 (33... Rxb8 $11 34. Qxb8+ Rc8 35. Qxa7 Ra8) 34. Rxc8 $16 Qxc8 35. Qb3 Qb7 36. Bxf6 Qxb3 37. axb3 gxf6 {[%emt 0:00:02][%mdl 4096] Endgame KRN-KRN} 38. Rd1 Rb7 39. Rxd5 Rxb3 40. Ng3 Ra3 (40... a6 $142) 41. Nh5 a5 42. Nxf6+ Kf8 (42... Kg7 $16 {might work better.}) 43. g4 $1 $18 a4 44. Ra5 Ra1+ 45. Kg2 a3 46. Nd5 Ng5 (46... Kg7 {was called for.} 47. Nc3 Nc7) 47. Ra8+ Kg7 48. Nc3 $1 Ne6 49. Nb5 $1 {[%emt 0:00:00] Dodges Nc7} a2 50. Nc3 Rc1 51. Nxa2 Ra1 52. Ra5 {[%emt 0:00:00] Dodges Nc5} Kh7 53. h4 Kg7 54. f4 Re1 55. Ra3 Ra1 56. Ra5 {[%emt 0:00:00] Inhibits Nc5.} (56. g5 $16) 56... Re1 $1 57. Ra3 Ra1 58. Kf3 (58. g5 $18) 58... Rh1 (58... Nc7 $16 {is a better defense.} 59. Ra5 Rh1) 59. Kg3 (59. Nc3 $18 {has better winning chances.}) 59... Rg1+ $16 60. Kf3 (60. Kh2 $1 $16 Rxg4 61. Kh3) 60... Rh1 $18 61. Ra5 Rh3+ (61... Nf8 $16 62. Nc3 Rh3+ 63. Kf2 Rxh4) 62. Kf2 Rxh4 {[%emt 0:00:13] [#]} 63. Kg3 $1 Rh1 64. Nc3 Rg1+ (64... Rc1 $142) 65. Kf3 Rf1+ {[%emt 0:00:00] [#]} 66. Kg2 $1 Rc1 67. Ne4 Rc6 68. Kf3 Nc7 69. Ng3 Ra6 70. Rh5 Rg6 $2 (70... Kg8 71. Nf5 Ne6 72. Nxh6+ Kf8) 71. Nf5+ Kh7 72. g5 f6 (72... Rb6 $142 73. e4 Ra6) 73. Nxh6 {[%emt 0:00:55] Nf5+ would kill now.} fxg5 74. Nf5+ {[%emt 0:00:06] Weighted Error Value: White=0.20 (precise) /Black=0.14 (very precise)} 1-0